 Dungeon Crawl Stone Soup version 0.18.1-48-g4cf74bf (webtiles) character file.

2214 tyrion the Slasher (level 9, 0/58 HPs)
             Began as a High Elf Skald on Aug 19, 2016.
             Was a Priest of Cheibriados.
             Slain by a basilisk (8 damage)
             ... on level 8 of the Dungeon on Aug 20, 2016.
             The game lasted 00:18:35 (8630 turns).

tyrion the Slasher (High Elf Skald)                 Turns: 8630, Time: 00:18:35

Health: 0/58       AC:  3    Str: 27    XL:     9   Next: 13%
Magic:  8/17       EV: 11    Int: 25    God:    Cheibriados [***...]
Gold:   400        SH:  0    Dex: 30    Spells: 4 memorised, 8 levels left

rFire  . . .     SeeInvis .     a - +0 falchion
rCold  . . .     Gourm    +     b - +0 leather armour
rNeg   . . .     Faith    .     E - +1 buckler
rPois  .         Spirit   .     (no helmet)
rElec  .         Dismiss  .     (no cloak)
rCorr  .         Reflect  .     (no gloves)
SustAt .         Harm     .     (no boots)
MR     .....                    e - amulet of the gourmand
Stlth  +++.......               (no ring)
                                c - +2 ring of strength

@: mighty, agile, petrifying, infused, flying, very slow, not resistant to
hostile enchantments, fairly stealthy
A: no striking features
a: Bend Time, Temporal Distortion, Renounce Religion


You were on level 8 of the Dungeon.
You worshipped Cheibriados.
Cheibriados was most pleased with you.
You were not hungry.

You visited 1 branch of the dungeon, and saw 8 of its levels.

You collected 400 gold pieces.

Inventory:

Hand Weapons
 a - a +0 falchion (weapon)
 p - a +1 dagger of venom
Armour
 b - a +0 leather armour (worn)
 E - a +1 buckler (worn)
Magical Staves
 t - an uncursed staff of summoning
Jewellery
 c - a +2 ring of strength (left hand)
 e - an amulet of the gourmand (around neck)
 A - an uncursed ring of magical power {unknown}
Wands
 m - a wand of acid (10/15)
 x - a wand of paralysis (11/24)
Scrolls
 g - a scroll of enchant weapon
 h - 6 scrolls of remove curse
 j - 2 scrolls of teleportation
 o - a scroll of enchant armour
 y - a scroll of identify
 C - 2 scrolls of recharging
 G - a scroll of amnesia
Potions
 i - a potion of magic
 k - 2 potions of curing
 n - a potion of ambrosia {unknown}
 r - a potion of flight
 s - a potion of lignification {unknown}
 u - a potion of agility
 w - 2 potions of cure mutation
 B - a potion of berserk rage {unknown}
 F - a potion of invisibility {unknown}
Comestibles
 d - 6 bread rations
 f - 5 meat rations
 l - a royal jelly
 z - 2 beef jerkies


   Skills:
 + Level 4.2 Fighting
 * Level 7.1 Long Blades
 - Level 4.0 Armour
 * Level 4.5 Dodging
 - Level 4.1 Shields
 + Level 4.7 Spellcasting
 - Level 4.2 Charms
 * Level 4.9 Invocations


You had 8 spell levels left.
You knew the following spells:

 Your Spells              Type           Power        Failure   Level  Hunger
a - Infusion              Chrm           ####         1%          1    None
b - Shroud of Golubria    Chrm/Tloc      ###.......   8%          2    None
c - Regeneration          Chrm/Necr      ###.......   14%         3    ##.....
d - Spectral Weapon       Hex/Chrm       ###.....     14%         3    ##.....


Dungeon Overview and Level Annotations

Branches:
Dungeon (8/15)             Temple (0/1) D:5
   Lair: D:8-11

Altars:
Cheibriados
Dithmenos
Fedhas
Makhleb
Qazlal
Xom
Yredelemnul
Zin
The Shining One


Message History

* * * LOW HITPOINT WARNING * * *
The basilisk gazes at you. You resist with some effort.
The basilisk barely misses you.
You turn to flesh and can move again.
Unknown command.
Unknown command.
Unknown command.
You closely miss the basilisk.
The basilisk is almost dead.
The basilisk gazes at you.
You are slowing down.
Unknown command.
Drink which item? (? for menu, Esc to quit)
It was a potion of flight.
You feel very buoyant.
You fly up into the air.
The basilisk bites you!
* * * LOW HITPOINT WARNING * * *
The basilisk bites you!
You die...

#. #......... #.
##...# ##.##
##....#
##...###.....#
#........##......
####.....####....
##o###..## #....
##l## ##..# .....
###@.# ##.## ....
#..#..# ##.## ..#
####..## #..##....
##...#####........
#.......[.....##..
###............##
. #.............##
# ##.....##...## #
#....#####.# #


You could see a basilisk and an orc.

Vanquished Creatures
  Pikel (D:6)
  2 water moccasins
  A phantom (D:5)
  An ice beast (D:8)
  2 ogres (D:7)
  2 centaurs
  A giant frog (D:7)
  A water moccasin skeleton (D:6)
  A scorpion (D:6)
  A crimson imp (D:5)
  A centaur zombie (D:5)
  4 hounds
  A wasp zombie (D:7)
  A gnoll shaman (D:5)
  3 orc priests
  A centaur skeleton (D:5)
  A giant frog skeleton (D:4)
  An orc wizard (D:4)
  Jessica (D:3)
  Ijyb (D:2)
  Terence (D:2)
  7 worker ants
  A hound zombie (D:8)
  A howler monkey skeleton (D:4)
  5 gnolls
  6 adders
  A shadow imp (D:6)
  An ooze (D:3)
  An adder skeleton (D:7)
  3 worms
  A dart slug (D:3)
  6 giant geckos
  6 orcs
  7 bats
  4 giant cockroaches
  5 goblins
  8 hobgoblins
  4 jackals (D:5)
  5 kobolds
  6 quokkas
  3 ball pythons
  2 giant gecko skeletons
  5 giant newts
  5 rats
122 creatures vanquished.

Vanquished Creatures (others)
  A slave (D:6)
  An ogre (D:6)
  A crimson imp (D:6)
  A shadow imp (D:6)
  An orc (D:6)
  4 jackals (D:6)
  A giant gecko skeleton (D:6)
  A fungus (D:6)
11 creatures vanquished.

Grand Total: 133 creatures vanquished

Notes
Turn   | Place    | Note
--------------------------------------------------------------
     0 | D:1      | tyrion the High Elf Skald began the quest for the Orb.
     0 | D:1      | Reached XP level 1. HP: 14/14 MP: 4/4
   382 | D:1      | Reached skill level 1 in Armour
   382 | D:1      | Reached XP level 2. HP: 19/19 MP: 6/6
  1071 | D:2      | Learned a level 2 spell: Shroud of Golubria
  1135 | D:2      | Found a snail-covered altar of Cheibriados.
  1353 | D:2      | Became a worshipper of Cheibriados the Contemplative
  1503 | D:2      | Reached XP level 3. HP: 20/25 MP: 0/7
  1896 | D:2      | Learned a level 3 spell: Regeneration
  1998 | D:2      | Reached * piety under Cheibriados
  2021 | D:2      | Noticed Terence
  2038 | D:2      | Killed Terence
  2038 | D:2      | Reached XP level 4. HP: 6/30 MP: 3/8
  2300 | D:2      | Noticed Ijyb
  2319 | D:2      | Killed Ijyb
  2319 | D:2      | Reached skill level 3 in Long Blades
  2458 | D:2      | Found a burning altar of Makhleb.
  2460 | D:2      | Found a glowing silver altar of Zin.
  2460 | D:2      | Noticed an angel
  2460 | D:2      | Noticed a cacodemon
  2903 | D:2      | Reached skill level 1 in Invocations
  2903 | D:2      | Reached XP level 5. HP: 6/36 MP: 3/9
  3898 | D:3      | Reached ** piety under Cheibriados
  3940 | D:3      | Noticed Jessica
  3948 | D:3      | Killed Jessica
  4106 | D:4      | Reached XP level 6. HP: 42/42 MP: 5/11
  4558 | D:4      | Reached skill level 4 in Long Blades
  4854 | D:5      | Entered Level 5 of the Dungeon
  4876 | D:5      | Reached skill level 1 in Shields
  5256 | D:5      | Reached XP level 7. HP: 36/46 MP: 10/13
  5294 | D:5      | Found a staircase to the Ecumenical Temple.
  5357 | D:5      | Reached skill level 5 in Long Blades
  5577 | D:5      | Found a glowing golden altar of the Shining One.
  5580 | D:5      | Found a shimmering altar of Xom.
  5594 | D:5      | Found a shadowy altar of Dithmenos.
  5597 | D:5      | Found a basalt altar of Yredelemnul.
  5937 | D:5      | HP: 2/46 [centaur (7)]
  5943 | D:5      | Reached *** piety under Cheibriados
  6137 | D:6      | Found a blossoming altar of Fedhas.
  6200 | D:6      | Noticed Pikel
  6241 | D:6      | Killed Pikel
  6241 | D:6      | Reached skill level 6 in Long Blades
  6241 | D:6      | Reached XP level 8. HP: 28/54 MP: 8/15
  6333 | D:6      | Learned a level 3 spell: Spectral Weapon
  6525 | D:6      | Found a stormy altar of Qazlal.
  8033 | D:8      | Reached XP level 9. HP: 58/58 MP: 5/16
  8073 | D:8      | Reached skill level 7 in Long Blades
  8630 | D:8      | Slain by a basilisk

Skill      XL: |  1  2  3  4  5  6  7  8  9 |
---------------+----------------------------+-----
Armour         | 1 2 3 4 |  4.0
Charms         | 4 |  4.2
Dodging        | 2 4 |  4.5
Long Blades    | 3 4 6 7 |  7.1
Fighting       | 3 4 |  4.2
Invocations    | 1 2 4 |  4.9
Spellcasting   | 3 4 |  4.7
Shields        | 1 3 4 |  4.1

Action                   |  1- 3 |  4- 6 |  7- 9 || total
-------------------------+-------+-------+-------++-------
Melee: Falchion          |    50 |       |   230 ||   280
       Dagger            |    57 |   209 |    35 ||   301
 Cast: Shroud of Golubri |     5 |    16 |    18 ||    39
       Infusion          |     4 |    14 |    16 ||    34
Invok: Bend Time         |       |     1 |    11 ||    12
  Use: Scroll            |       |    14 |     5 ||    19
       Potion            |       |     1 |    10 ||    11
 Stab: Sleeping          |     2 |     4 |     3 ||     9
  Eat: Chunk             |     4 |     7 |     5 ||    16
Armor: Leather armour    |    30 |    18 |    25 ||    73
       Robe              |       |    17 |     2 ||    19
Dodge: Dodged            |    70 |   157 |   168 ||   395
Block: Buckler           |       |       |    82 ||    82
